 Dungeon Crawl Stone Soup version 0.26.1-2-gb8aa6d0cf2 (webtiles) character file.

Game seed: 6884973502881783115

14896 Nezzrak the Basher (level 11, -12/99 HPs)
             Began as a Minotaur Berserker on Mar 29, 2021.
             Was an Elder of Trog.
             Mangled by an orc warrior
             ... wielding a +0 dire flail
              (18 damage)
             ... on level 1 of the Orcish Mines.
             The game lasted 00:41:13 (13265 turns).

Nezzrak the Basher (Minotaur Berserker)            Turns: 13265, Time: 00:41:14

Health: -12/99     AC: 12    Str: 31    XL:     11   Next: 94%
Magic:  10/10      EV: 16    Int:  4    God:    Trog [****..]
Gold:   315        SH:  0    Dex: 12    Spells: 10/10 levels left

rFire    . . .     SeeInvis .   y - +3 executioner's axe (vorpal)
rCold    . . .     Faith    .   (shield currently unavailable)
rNeg     . . .     Spirit   .   L - +0 acid dragon scales
rPois    .         Reflect  .   (helmet restricted)
rElec    .         Harm     .   (no cloak)
rCorr    +         Rampage  .   (no gloves)
Will     ++...                  (no boots)
Stlth    ++........             h - amulet of the acrobat
HPRegen  1.26/turn              i - +4 ring of protection
MPRegen  0.12/turn              e - +6 ring of strength

@: berserk cooldown, regenerating, slowed, very slow
A: retaliatory headbutt, horns 2, thin skeletal structure 1, blurry vision 1
a: Renounce Religion, Berserk, Trog's Hand, Brothers in Arms


You were on level 1 of the Orcish Mines.
You worshipped Trog.
Trog was greatly pleased with you.
You visited 2 branches of the dungeon, and saw 13 of its levels.
You also visited: Ossuary.

You collected 886 gold pieces.
You spent 571 gold pieces at shops.

Inventory:

Hand Weapons
 m - a +2 hand axe of freezing
 y - a +3 vorpal executioner's axe (weapon)
 D - a +1 scythe of venom
 K - a +2 morningstar of flaming
Armour
 L - +0 acid dragon scales (worn)
Jewellery
 e - a +6 ring of strength (right hand)
 h - an amulet of the acrobat (around neck)
 i - a +4 ring of protection (left hand)
 r - an uncursed ring of willpower
 B - an uncursed amulet of magic regeneration
 Q - an uncursed ring of ice
Wands
 s - a wand of paralysis (18)
 w - a wand of random effects (58)
 z - a wand of flame (64)
 E - a wand of polymorph (10)
 M - a wand of acid (7)
 P - a wand of disintegration (9)
Scrolls
 b - a scroll of immolation
 c - 3 scrolls of remove curse
 d - 5 scrolls of noise
 l - a scroll of enchant armour
 q - a scroll of fog {unknown}
 t - 5 scrolls of magic mapping
 u - a scroll of blinking {unknown}
 x - 6 scrolls of teleportation
 C - a scroll of brand weapon {unknown}
Potions
 f - 12 potions of curing
 j - 3 potions of brilliance
 k - 3 potions of haste
 o - a potion of resistance
 p - 6 potions of flight
 v - 2 potions of lignification
 A - 3 potions of berserk rage
 G - 2 potions of cancellation
 H - a potion of magic
 I - a potion of might
 J - 2 potions of attraction
 N - a potion of degeneration {unknown}


   Skills:
 + Level 10.1 Fighting
 * Level 10.0(12.9) Axes
 - Level 13.3(14.5) Maces & Flails
 + Level 9.6 Armour
 - Level 9.0 Dodging
 - Level 1.0 Stealth


You had 10 spell levels left.
You didn't know any spells.
Your spell library was empty.

Dungeon Overview and Level Annotations

Branches:
Dungeon (12/15)            Temple (0/1) D:6            Lair (0/6) D:11
    Orc (1/2) D:12        Ossuary (visited)

Altars:
Dithmenos
Elyvilon
Fedhas
Hepliaklqana
Kikubaaqudgha
Makhleb
Nemelex Xobeh
Okawaru
Ru
Sif Muna
Uskayaw
Vehumet
Xom
Yredelemnul

Shops:
D:4 }   D:6 }   D:8 :   D:9 ?   D:10 ?

Annotations:
D:3 1 runed translucent door, Crazy Yiuf
D:9 1 runed translucent door, FishyPogo's ghost, journeyman GnDe


Innate Abilities, Weirdness & Mutations

You reflexively headbutt those who attack you in melee.
You have a pair of horns on your head.
You have a somewhat thin skeletal structure. (Dex +2, Stealth)
Scrolls take you a little longer to read.


Message History

The orc knight hits you with a +0 long sword!
Your ogre closely misses the orc priest.
The orc warrior completely misses you. You furiously retaliate!
You headbutt the orc warrior, but do no damage.
You closely miss the orc knight.
The orc knight is severely wounded.
You hit the orc warrior but do no damage.
Your ogre hits the orc priest with a +0 giant club!!
The orc priest dies!
Trog accepts your kill.
The orc knight roars a battlecry!
The orc warrior hits you with a +0 dire flail!!
* * * LOW HITPOINT WARNING * * *
Your ogre hits the orc wizard with a +0 giant club!!
The orc wizard dies!
Trog accepts your kill.
Trog appreciates your killing of a magic user.
The orc knight roars a battlecry!
The orc warrior hits you with a +0 dire flail!!
You die... o.#oo

#...o #...o .#
.oo.# ...
#...#### ...###
#..oo#.# #O....
#.oo)O.#
#.....#######o..#
.......#.##.@o..#
..........#.....#
#.)...))...##
##.....<..##
#.......##
####..### ####


You could see an orc knight, an orc warrior (strong), an orc (strong) and a
friendly ogre (summoned, berserk).

Vanquished Creatures
  A centaur warrior (D:11)
  A tengu warrior (D:12)
  3 cyclopes
  An orc sorcerer (Orc:1)
  A manticore (D:12)
  Maggie (D:9)
  A komodo dragon (D:11)
  3 trolls
  Grinder (D:5)
  Sigmund (D:6)
  8 yaks
  3 wraiths
  Eustachio (D:5)
  A wyvern (D:9)
  Menkaure (D:5)
  A warg (Orc:1)
  A water moccasin (D:8)
  5 orc warriors
  An eye of draining (D:10)
  6 ice beasts
  2 phantoms
  2 sky beasts
  4 ogres
  7 centaurs
  3 big kobolds
  10 bullfrogs
  A gnoll sergeant (D:10)
  A wyvern zombie (D:10)
  3 scorpions
  6 wights
  28 killer bees
  5 howler monkeys
  4 hounds
  2 jellies
  7 orc priests
  4 bullfrog zombies
  4 centaur skeletons
  A centaur zombie (D:11)
  7 orc wizards
  Jessica (D:2)
  3 iguanas
  11 worker ants
  A hound zombie (D:9)
  8 gnolls
  11 adders
  2 shadow imps
  9 white imps
  4 oozes
  2 ufetubi
  2 adder zombies (Ossuary)
  3 worms
  2 dart slugs (D:1)
  4 leopard geckos
  32 orcs
  4 giant cockroaches
  4 goblins
  7 hobgoblins
  17 jackals
  7 quokkas
  2 ball pythons
  7 bats
  5 frilled lizards
  A giant cockroach zombie (D:5)
  A hobgoblin skeleton (Ossuary)
  A hobgoblin zombie (Ossuary)
  18 kobolds
  A kobold zombie (Ossuary)
  2 orc skeletons (Ossuary)
  An orc zombie (Ossuary)
  5 rats
321 creatures vanquished.

Vanquished Creatures (collateral kills)
  A two-headed ogre (D:8)
  A kobold demonologist (D:11)
  4 yaks
  An orc warrior (Orc:1)
  A black bear (D:11)
  2 ogres
  A bullfrog (D:11)
  2 howler monkeys (D:8)
  4 orc priests
  An orc wizard (Orc:1)
  6 white imps (D:11)
  9 orcs
33 creatures vanquished.

Vanquished Creatures (others)
  2 ghouls (D:1)
  A draconian (D:1)
  An octopode (D:1)
  3 gargoyles (D:1)
  2 vampires (D:1)
  A human (D:1)
  3 orcs
  46 fungi (D:11)
  49 plants (D:11)
  7 tentacles (D:1)
115 creatures vanquished.

Grand Total: 469 creatures vanquished

Notes
Turn   | Place    | Note
-------+----------+-------------------------------------------
     0 | D:1      | Nezzrak the Minotaur Berserker began the quest for the Orb.
     0 | D:1      | Reached XP level 1. HP: 19/19 MP: 0/0
     0 | D:1      | Noticed a gargoyle
     0 | D:1      | Noticed an octopode
     0 | D:1      | Noticed a gargoyle
     0 | D:1      | Noticed a gargoyle
     0 | D:1      | Noticed a kraken
     0 | D:1      | Noticed a vampire
     0 | D:1      | Noticed a ghoul
     0 | D:1      | Noticed a draconian
     0 | D:1      | Noticed a ghoul
     0 | D:1      | Noticed a vampire
     0 | D:1      | Noticed a human
     6 | D:1      | Killed a vampire
     8 | D:1      | Killed a human
     9 | D:1      | Killed a gargoyle
    11 | D:1      | Killed a gargoyle
    13 | D:1      | Killed a vampire
    13 | D:1      | Killed a gargoyle
    15 | D:1      | Killed an octopode
    19 | D:1      | Killed a draconian
    20 | D:1      | Killed a ghoul
    21 | D:1      | Killed a ghoul
   167 | D:1      | Reached skill level 4 in Maces & Flails
   167 | D:1      | Reached XP level 2. HP: 27/27 MP: 1/1
   738 | D:2      | Found a hazy altar of Hepliaklqana.
   778 | D:2      | Reached XP level 3. HP: 32/33 MP: 2/2
   828 | D:2      | Noticed Jessica
   839 | D:2      | Killed Jessica
   839 | D:2      | Reached ** piety under Trog
   840 | D:2      | Reached skill level 5 in Maces & Flails
   840 | D:2      | Reached XP level 4. HP: 9/41 MP: 3/3
  1191 | D:2      | Found a hide-covered altar of Uskayaw.
  1439 | D:2      | Found a shimmering blue altar of Sif Muna.
  1474 | D:3      | Reached XP level 5. HP: 33/47 MP: 4/4
  1764 | D:3      | Reached skill level 6 in Maces & Flails
  2203 | D:3      | Found a runed translucent door.
  2204 | D:3      | Noticed Crazy Yiuf
  2302 | D:4      | Found a burning altar of Makhleb.
  2366 | D:4      | Reached skill level 1 in Stealth
  2454 | D:4      | Reached *** piety under Trog
  2480 | D:4      | Found Niubliex's Gadget Boutique.
  2488 | D:4      | Bought a wand of paralysis (8) for 120 gold pieces
  2615 | D:4      | Found a blossoming altar of Fedhas.
  2641 | D:4      | Reached XP level 6. HP: 53/53 MP: 5/5
  2716 | D:4      | Found a shimmering blue altar of Sif Muna.
  2716 | D:4      | Found a shimmering altar of Xom.
  2718 | D:4      | Found a shimmering altar of Xom.
  2718 | D:4      | Found a radiant altar of Vehumet.
  2718 | D:4      | Found an ancient bone altar of Kikubaaqudgha.
  2870 | D:5      | Entered Level 5 of the Dungeon
  2880 | D:5      | Found a sacrificial altar of Ru.
  2898 | D:5      | Reached skill level 7 in Maces & Flails
  2899 | D:5      | Noticed an ice beast
  2913 | D:5      | Killed an ice beast
  2946 | D:5      | Found a sparkling altar of Nemelex Xobeh.
  3054 | D:5      | Noticed Menkaure
  3070 | D:5      | Killed Menkaure
  3071 | D:5      | Reached skill level 8 in Maces & Flails
  3071 | D:5      | Reached XP level 7. HP: 55/60 MP: 6/6
  3239 | D:5      | Noticed Grinder
  3252 | D:5      | Paralysed by Grinder for 7 turns
  3274 | D:5      | Killed Grinder
  3275 | D:5      | Reached skill level 5 in Fighting
  3634 | D:5      | Noticed Eustachio
  3656 | D:5      | Killed Eustachio
  3657 | D:5      | Reached skill level 9 in Maces & Flails
  3657 | D:5      | Reached XP level 8. HP: 53/68 MP: 7/7
  4013 | D:6      | Found a basalt altar of Yredelemnul.
  4013 | D:6      | Found an iron altar of Okawaru.
  4402 | D:6      | Found a shadowy altar of Dithmenos.
  4489 | D:6      | Reached skill level 5 in Dodging
  4497 | D:6      | Reached skill level 10 in Maces & Flails
  4810 | D:6      | Reached skill level 5 in Armour
  5190 | D:6      | Found a staircase to the Ecumenical Temple.
  5245 | D:6      | Found Puimoyn's Gadget Shoppe.
  5264 | D:6      | Noticed Sigmund
  5271 | D:6      | Reached **** piety under Trog
  5287 | D:6      | Reached XP level 9. HP: 60/75 MP: 8/8
  5293 | D:6      | Killed Sigmund
  5294 | D:6      | Reached skill level 11 in Maces & Flails
  5455 | D:6      | Bought a wand of polymorph (10) for 168 gold pieces
  5535 | D:6      | Found a blossoming altar of Fedhas.
  6551 | D:7      | Gained mutation: Your muscles are strong. (Str +2) [potion
                  | of mutation]
  6551 | D:7      | Gained mutation: You evolve. [potion of mutation]
  6551 | D:7      | Gained mutation: You rapidly evolve. [potion of mutation]
  6551 | D:7      | Gained mutation: You possess an exceptional clarity of
                  | mind. [potion of mutation]
  6552 | D:7      | Lost mutation: You rapidly evolve. [potion of mutation]
  6552 | D:7      | Lost mutation: You possess an exceptional clarity of mind.
                  | [potion of mutation]
  6552 | D:7      | Lost mutation: You evolve. [potion of mutation]
  6552 | D:7      | Lost mutation: Your muscles are strong. (Str +2) [potion of
                  | mutation]
  6552 | D:7      | Gained mutation: Scrolls take you a little longer to read.
                  | [potion of mutation]
  6552 | D:7      | Gained mutation: You have a somewhat thin skeletal
                  | structure. (Dex +2, Stealth) [potion of mutation]
  6793 | D:8      | Noticed a two-headed ogre
  6799 | D:8      | Killed a two-headed ogre
  6800 | D:8      | Reached skill level 12 in Maces & Flails
  6826 | D:8      | Found a sand-covered staircase.
  6830 | Ossuary  | Entered an ossuary
  7169 | D:8      | Reached XP level 10. HP: 58/84 MP: 9/9
  7433 | D:8      | Found Deeraiz's Book Shop.
  7999 | D:9      | Found a runed translucent door.
  8002 | D:9      | Noticed FishyPogo's ghost (journeyman GnDe)
  8047 | D:9      | Noticed Maggie
  8074 | D:9      | Killed Maggie
  8697 | D:9      | Found a white marble altar of Elyvilon.
  8980 | D:9      | Found Iwidoblui's Magic Scroll Shoppe.
  8983 | D:9      | Bought a scroll of remove curse for 39 gold pieces
  8983 | D:9      | Bought a scroll of identify for 26 gold pieces
  8983 | D:9      | Bought a scroll of identify for 26 gold pieces
  8983 | D:9      | Bought a scroll of remove curse for 39 gold pieces
  8983 | D:9      | Bought a scroll of magic mapping for 45 gold pieces
  9323 | D:10     | Entered Level 10 of the Dungeon
  9401 | D:10     | Reached skill level 13 in Maces & Flails
  9474 | D:10     | Reached ***** piety under Trog
  9971 | D:10     | Reached XP level 11. HP: 95/95 MP: 10/10
 10498 | D:10     | Found Dumpamih's Magic Scroll Shoppe.
 10506 | D:10     | Bought a scroll of identify for 24 gold pieces
 10506 | D:10     | Bought a scroll of identify for 24 gold pieces
 10506 | D:10     | Bought a scroll of teleportation for 36 gold pieces
 10506 | D:10     | Bought a scroll of identify for 24 gold pieces
 10724 | D:11     | Received a gift from Trog
 10883 | D:11     | Reached skill level 1 in Axes
 10904 | D:11     | Noticed a centaur warrior
 10910 | D:11     | Killed a centaur warrior
 10986 | D:11     | Found a staircase to the Lair.
 11091 | D:11     | Reached skill level 5 in Axes
 11932 | D:12     | Found a staircase to the Orcish Mines.
 12586 | D:12     | Noticed a tengu warrior
 12596 | D:12     | Killed a tengu warrior
 12840 | D:12     | Noticed a six-headed hydra
 13115 | D:12     | Reached skill level 10 in Fighting
 13201 | Orc:1    | Entered Level 1 of the Orcish Mines
 13231 | Orc:1    | Noticed an orc sorcerer
 13236 | Orc:1    | Killed an orc sorcerer
 13237 | Orc:1    | Reached skill level 10 in Axes
 13257 | Orc:1    | Noticed an orc knight
 13265 | Orc:1    | Mangled by an orc warrior

Illustrated notes

Levels and vault maps discovered:
D:1:      nicolae_arrival_kraken_aquarium_a, layout_basic
D:2:      layout_rooms, led_sif_pool, general_overflow_altar,
          nicolae_overflow_crystal_walls, uniq_jessica
D:3:      layout_rooms, uniq_crazy_yiuf_cottage
D:4:      layout_cave_pools, doesnt_xom_only_xom, old_standard_altar,
          serial_shops, shop
D:5:      layout_cave_pools, nicolae_ru_awakened_eye,
          nemelex_xobeh_ov_fountains_minmay, serial_rivers,
          chequers_serial_rivers_micro_d, chequers_serial_rivers_small_b,
          chequers_serial_rivers_micro_b, chequers_serial_rivers_micro_c,
          chequers_serial_rivers_small_3, chequers_serial_rivers_large_a,
          uniq_grinder, uniq_eustachio, uniq_menkaure
D:6:      layout_basic, old_standard_altar, gammafunk_temple_overflow_wave,
          minmay_temple_entry_poolview, serial_shops, nicolae_shop_statue_plus,
          basic_altar, minmay_fractal_squares_diagonal_5, uniq_sigmund
D:7:      layout_loops_ring, minivault_23, minmay_misc_feat_secret_circle
D:8:      layout_cave_pods, serial_shops, nicolae_shop_behind_doors,
          enter_ossuary_5
D:9:      layout_basic, elyvilon_altar_3, serial_curves, eino_curves_04,
          eino_curves_02, gammafunk_ghost_grave, serial_shops,
          kennysheep_mini_moat, uniq_maggie
D:10:     layout_basic, serial_shops, shop
D:11:     layout_gridville, due_lair_maze_entry_diamond,
          portal_ice_cave_entry_imps
D:12:     evilmike_diamond_2, layout_irregular_city, david_orc_3
Orc:1:    layout_diamond_mine

Skill      XL: |  1  2  3  4  5  6  7  8  9 10 11 |
---------------+----------------------------------+-----
Maces & Flails | 4 5 6 8 9 10 12 13 | 13.3
Fighting       | 4 5 6 8 10 | 10.1
Dodging        | 3 4 6 9 |  9.0
Stealth        | 1 |  1.0
Armour         | 3 4 5 8 9 |  9.6
Axes           | 10 | 10.0

Action                   |  1- 3 |  4- 6 |  7- 9 | 10-12 || total
-------------------------+-------+-------+-------+-------++-------
Melee: Mace              |    68 |   134 |   273 |    53 ||   528
       Headbutt          |    14 |    29 |    59 |    72 ||   174
       Morningstar       |       |       |       |   139 ||   139
       Executioner's axe |       |       |       |   110 ||   110
Invok: Berserk           |     1 |     3 |     4 |     4 ||    12
       Trog's Hand       |       |     1 |     3 |     3 ||     7
       Brothers in Arms  |       |       |     1 |     5 ||     6
Evoke: Wand              |       |     1 |       |       ||     1
  Use: Potion            |     1 |       |     3 |     9 ||    13
       Scroll            |       |     6 |    10 |    12 ||    28
 Stab: Sleeping          |     2 |     1 |     6 |     4 ||    13
       Distracted        |       |       |       |     1 ||     1
Armor: Animal skin       |    15 |    37 |    32 |       ||    84
       Ring mail         |       |       |    36 |    16 ||    52
       Acid dragon scale |       |       |       |    88 ||    88
Dodge: Dodged            |    43 |   117 |   214 |   403 ||   777
